 Dungeon Crawl Stone Soup version 0.27.1 (webtiles) character file.

Game seed: 9541083264818246232

127 MacCMillion the Poker (level 5, -1/42 HPs)
             Began as a Merfolk Gladiator on Aug 22, 2021.
             Was a Follower of the Shining One.
             Slain by Duvessa (8 damage)
             ... on level 4 of the Dungeon.
             The game lasted 00:06:39 (3446 turns).

MacCMillion the Poker (Merfolk Gladiator)           Turns: 3446, Time: 00:06:39

Health: -1/42      AC: 12    Str: 15    XL:     5   Next: 11%
Magic:  5/5        EV:  5    Int:  8    God:    the Shining One [*.....]
Gold:   129        SH:  0    Dex: 15    Spells: 4/4 levels left

rFire    . . .     SeeInvis .   a - +0 trident
rCold    . . .     Faith    .   (no shield)
rNeg     . . .     Spirit   .   p - +0 plate armour
rPois    .         Reflect  .   c - +1 helmet
rElec    .         Harm     .   (no cloak)
rCorr    .         Rampage  .   (no gloves)
Will     .....                  (no boots)
Stlth    ..........             (no amulet)
HPRegen  0.14/turn              (no ring)
MPRegen  0.09/turn              (no ring)

@: glowing
A: (nimble swimmer 2), mertail
a: Renounce Religion


You were on level 4 of the Dungeon.
You worshipped the Shining One.
The Shining One was aware of your devotion.
You visited 1 branch of the dungeon, and saw 4 of its levels.

You collected 129 gold pieces.

Inventory:

Hand Weapons
 a - a +0 trident (weapon)
Missiles
 d - a throwing net (quivered)
Armour
 c - a +1 helmet (worn)
 l - a +0 scale mail
 p - a +0 plate armour (worn)
Scrolls
 f - a scroll of holy word
 h - a scroll of enchant weapon {unknown}
 j - a scroll of noise {unknown}
 k - a scroll of immolation {unknown}
 m - a scroll of enchant armour
 o - a scroll of amnesia {unknown}
 q - a scroll of identify {unknown}
Potions
 b - a potion of haste {unknown}
 e - 2 potions of lignification {unknown}
 g - 3 potions of curing {unknown}
 i - a potion of magic {unknown}
 n - 2 potions of might {unknown}


   Skills:
 + Level 3.6 Fighting
 + Level 5.9 Polearms
 - Level 2.0 Throwing
 + Level 5.3 Dodging


You had 4 spell levels left.
You didn't know any spells.
Your spell library contained the following spells:

 Spells                   Type           Power      Damage    Failure   Level
 Blink                    Tloc           N/A        N/A       100%        2
 Ignite Poison            Fire/Tmut/Pois 0%         N/A       100%        3
 Mephitic Cloud           Conj/Pois/Air  0%         N/A       100%        3
 Bolt of Magma            Conj/Fire/Erth 0%         4d4       100%        5
 Manifold Assault         Tloc           0%         N/A       100%        5
 Storm Form               Tmut/Air       0%         N/A       100%        7


Dungeon Overview and Level Annotations

Branches:
Dungeon (4/15)
 Temple: D:4-7

Altars:
The Shining One
Beogh

Annotations:
D:3 3 runed translucent doors, Lakmaran's ghost, amateur HOMo
D:4 Duvessa


Innate Abilities, Weirdness & Mutations

((You are quick and stealthy near water. (Stealth+, EV+, Speed+++)))
Your lower body shifts to a powerful aquatic tail in water.


Message History

Dowan barely misses you.
You hit Dowan.
You kill Dowan!
You hear a distant scream of rage.
Duvessa, Sister of Dowan comes into view.
She is wielding a +0 short sword, wearing a +0 chain mail of fire resistance and carrying a wand of flame (8).
You have reached level 5!
You feel clever.
You start resting.
Duvessa is nearby!
Duvessa goes berserk!
Throw: 3 throwing nets
Press: ? - help, Q - select action Shift-Dir - straight line, f - Duvessa
Aim: Duvessa, wielding a +0 short sword, wearing a +0 chain mail of fire resistance and carrying a wand of flame (8) (berserk, 71% to hit)
You throw a throwing net. The throwing net barely misses Duvessa.
Throw: 2 throwing nets
Press: ? - help, Q - select action Shift-Dir - straight line, f/p - Duvessa
Aim: Duvessa, wielding a +0 short sword, wearing a +0 chain mail of fire resistance and carrying a wand of flame (8) (berserk, 69% to hit)
You throw a throwing net. The throwing net hits Duvessa.
Duvessa is caught in the net!
Duvessa struggles against the net. x2
You reach to attack!
You hit Duvessa but do no damage.
Duvessa struggles against the net.
You reach to attack!
You hit Duvessa.
Duvessa is lightly wounded.
Duvessa struggles against the net.
The net rips apart, and Duvessa comes free!
You reach to attack!
You puncture Duvessa!
Duvessa is lightly wounded.
Duvessa hits you with a +0 short sword!
You hit Duvessa but do no damage.
Duvessa is lightly wounded.
Duvessa barely misses you. x2
You hit Duvessa but do no damage.
Duvessa is lightly wounded.
Duvessa hits you with a +0 short sword. Duvessa hits you with a +0 short sword.
Duvessa hits you with a +0 short sword!
* * * LOW HITPOINT WARNING * * *
Duvessa hits you with a +0 short sword!
You die...

#....## #.....#
##.....##
##.......####
##.........((## .
##....###.......
#. ###...###
#..)...> #..
##....## ##..###.
##..####.@e###
#...#
#.........##
#.....
...##....##
#...... ...
##...# ......#
#..... ##..#
##.......# .....#
#..#### #......
.....#
##....###.......
.....##
##..............#
......##
#..<...........##


You could see Duvessa (berserk).

Vanquished Creatures
  Dowan (D:4)
  4 adders
  3 orcs
  8 endoplasms
  4 goblins
  3 hobgoblins
  2 kobolds
  3 quokkas
  7 ball pythons
  2 bats
  3 frilled lizards
  3 rats (D:3)
43 creatures vanquished.

Notes
Turn   | Place    | Note
-------+----------+-------------------------------------------
     0 | D:1      | MacCMillion the Merfolk Gladiator began the quest for the
                  | Orb.
     0 | D:1      | Reached XP level 1. HP: 16/16 MP: 1/1
   487 | D:1      | Reached XP level 2. HP: 14/23 MP: 2/2
  1374 | D:2      | Reached skill level 5 in Polearms
  1374 | D:2      | Reached XP level 3. HP: 18/28 MP: 3/3
  2290 | D:3      | Noticed Lakmaran's ghost (amateur HOMo)
  2290 | D:3      | Found a runed translucent gate.
  2290 | D:3      | Found a runed translucent gate.
  2290 | D:3      | Found a runed translucent gate.
  2293 | D:3      | Reached XP level 4. HP: 35/35 MP: 4/4
  2294 | D:3      | Identified the +6 mace of Impermanence {flame, *Rage rF+
                  | rN+ Str+3}
  2294 | D:3      | Identified the +1 leather armour "Piohif" {-Tele Str+5
                  | Dex+4}
  2561 | D:3      | Reached skill level 5 in Dodging
  2802 | D:3      | Found a faded altar of an unknown god.
  3033 | D:3      | Became a worshipper of the Shining One
  3033 | D:3      | Reached * piety under the Shining One
  3126 | D:4      | Noticed an ogre
  3381 | D:4      | Noticed Dowan
  3394 | D:4      | Killed Dowan
  3394 | D:4      | Noticed Duvessa
  3395 | D:4      | Reached XP level 5. HP: 32/42 MP: 5/5
  3446 | D:4      | Slain by Duvessa

Illustrated notes

Levels and vault maps discovered:
D:1:      dpeg_arrival_refuge, layout_basic,
          wander_ebering_terrifying_dragon_lair
D:2:      layout_loops_ring
D:3:      layout_rooms, biasface_ghost_orc_armoury, basic_ecumenical_altar
D:4:      cheibrodos_old_hovel, layout_layer_cave, nicolae_ru_path_of_blood,
          uniq_duvessa

Skill      XL: |  1  2  3  4 |
---------------+-------------+-----
Polearms       | 5 |  5.9
Fighting       | 3 |  3.6
Dodging        | 5 |  5.3
Throwing       | |  2.0

Action                   |  1- 3 |  4- 6 || total
-------------------------+-------+-------++-------
Melee: Trident           |    81 |    70 ||   151
Throw: Throwing net      |       |     2 ||     2
  Use: Scroll            |       |     2 ||     2
 Stab: Sleeping          |     1 |       ||     1
Armor: Leather armour    |    10 |       ||    10
       Ring mail         |     9 |       ||     9
       Scale mail        |     1 |       ||     1
       Plate armour      |       |    50 ||    50
Dodge: Dodged            |    31 |    18 ||    49
